 Dungeon Crawl Stone Soup version 0.22-a0-404-g35e51767bf (webtiles) character file.

24 Kriby the Grave Robber (level 2, 0/21 HPs)
             Began as a Demonspawn Necromancer on May 8, 2018.
             Succumbed to a kobold's poison
             ... on level 1 of the Dungeon.
             The game lasted 00:01:09 (1200 turns).

Kriby the Grave Robber (Demonspawn Necromancer)     Turns: 1200, Time: 00:01:09

Health: 0/21       AC:  8    Str:  8    XL:     2   Next: 79%
Magic:  5/5        EV:  3    Int: 16    God:
Gold:   26         SH:  0    Dex: 13    Spells: 3/5 levels left

rFire    . . .     SeeInvis .   d - +0 club
rCold    . . .     Gourm    .   (no shield)
rNeg     . . .     Faith    .   b - +0 chain mail
rPois    .         Spirit   .   (no helmet)
rElec    .         Reflect  .   (no cloak)
rCorr    .         Harm     .   (no gloves)
MR       .....                  (no boots)
Stlth    ..........             (no amulet)
HPRegen  0.07/turn              (no ring)
MPRegen  0.09/turn              (no ring)

@: lethally poisoned (0 -> -25)
A: hooves 1
a: no special abilities


You were on level 1 of the Dungeon.
You were not hungry.

You visited 1 branch of the dungeon, and saw 1 of its levels.

You collected 26 gold pieces.

Inventory:

Hand Weapons
 d - a +0 club (weapon)
Armour
 a - a +0 robe
 b - a +0 chain mail (worn)
Scrolls
 e - a scroll of identify {unknown}
Potions
 f - a potion of magic {unknown}
 h - a potion of curing {unknown}
Comestibles
 c - 2 rations
 g - a chunk of flesh


   Skills:
 + Level 1.2 Fighting
 - Level 1.7 Dodging
 - Level 1.7 Stealth
 * Level 1.8 Unarmed Combat
 - Level 2.0 Spellcasting
 - Level 4.3 Necromancy


You had 3 spell levels left.
You knew the following spells:

 Your Spells              Type           Power        Failure   Level  Hunger
a - Pain                  Necr           ###.         100%        1    #......
b - Animate Skeleton      Necr           N/A          100%        1    #......


Dungeon Overview and Level Annotations

Branches:
Dungeon (1/15)

Altars:


Innate Abilities, Weirdness & Mutations

You have large cloven feet.


Message History

You are more poisoned.
Your chain mail prevents you from hitting the kobold.
Your kick misses the kobold.
The kobold is severely wounded.
You feel sick. The kobold hits you but does no damage.
You are more poisoned.
You miss the kobold.
You kill the kobold!
* * * LOW HITPOINT WARNING * * *
You feel very sick.
You hit the jackal.
The jackal is moderately wounded.
* * * LOW HITPOINT WARNING * * *
You feel very sick. The jackal bites you.
* * * LOW HITPOINT WARNING * * *
The jackal bites you but does no damage.
You hit the jackal but do no damage.
The jackal is moderately wounded.
You die...

#. #.# #.........#
#.###.###.........#
#..##.............#
#
##.....###..........
#.#...##.#
#.........#
##.....##.#
#.........#
#......##.#
#.........# #....#
#.........# #@####
#........ #
####h######....... #
#...h....... #
+...(....... #
#........... #
#........... #
#...).......
#...%.......
#..........#


You could see 2 jackals.

Vanquished Creatures
  An ooze (D:1)
  2 bats (D:1)
  4 giant cockroaches (D:1)
  3 goblins (D:1)
  A hobgoblin (D:1)
  5 kobolds (D:1)
  A frilled lizard (D:1)
17 creatures vanquished.

Notes
Turn   | Place    | Note
-------+----------+-------------------------------------------
     0 | D:1      | Kriby the Demonspawn Necromancer began the quest for the Orb.
     0 | D:1      | Reached XP level 1. HP: 13/13 MP: 3/3
    16 | D:1      | Learned a level 1 spell: Animate Skeleton
   269 | D:1      | Reached skill level 1 in Unarmed Combat
   385 | D:1      | Gained mutation: You have large cloven feet. [demonic ancestry]
   385 | D:1      | Reached XP level 2. HP: 13/20 MP: 5/5
   875 | D:1      | Reached skill level 1 in Fighting
  1200 | D:1      | Succumbed to a kobold's poison

Vault maps used:
D:1:      matt_arrival_grand_opening, serial_glass, glass_columns_c,
          glass_columns_b

Skill      XL: |  1  2 |
---------------+-------+-----
Unarmed Combat | 1 |  1.8
Fighting       | 1 |  1.2
Dodging        | |  1.7
Stealth        | |  1.7
Spellcasting   | |  2.0
Necromancy     | |  4.3

Action                   || total
-------------------------++-------
Melee: Club              ||    93
       Unarmed           ||     5
       Kick              ||    18
 Cast: Pain              ||     9
       Animate Skeleton  ||     1
  Eat: Chunk             ||     1
Armor: Chain mail        ||   111
       Robe              ||     1
Dodge: Dodged            ||    23

Table legend:
 A = Spawn XP
 B = Non-spawn XP
 C = Spawn XP percentage of total XP
 D = Spawn monster count
 E = Non-spawn monster count
 F = Spawn count percentage of total count
 G = Total turns spent on level
                    A         B        C        D         E        F      G
               +---------+---------+-------+---------+---------+-------+---------
         Total |       0 |      35 |   0.0 |       0 |      17 |   0.0 |  1200
               +---------+---------+-------+---------+---------+-------+---------
           D:1 |       0 |      35 |   0.0 |       0 |      17 |   0.0 |  1200
               +---------+---------+-------+---------+---------+-------+---------
